 Dungeon Crawl Stone Soup version 0.30-a0-341-g682706514a (webtiles) character file.

Game seed: 4644238940011898246

121 JoshKwa the Magician (level 5, -4/37 HPs)
             Began as a Djinni Fire Elementalist on Nov 1, 2022.
             Was a Plaything of Xom.
             Slain by an orc
             ... wielding a +0 hand axe
              (5 damage)
             ... on level 3 of the Dungeon.
             The game lasted 00:19:45 (2061 turns).

JoshKwa the Magician (Djinni Fire Elementalist)     Turns: 2061, Time: 00:19:46

Health: -4/37      AC:  2    Str:  7 (9)  XL:     5   Next: 26%
Gold:   85         EV: 12    Int: 15 (16) God:    Xom [..*...] SH:  0 Dex: 13 (14)

rFire   + + .      SeeInvis .    c - staff of conjuration
rCold   x . .      Faith    .    (no shield)
rNeg    . . .      Spirit   .    a - +0 robe
rPois   ∞          Reflect  .    (no helmet)
rElec   .          Harm     .    (no cloak)
rCorr   .          Rampage  .    (no gloves)
Will    .....                    (boots unavailable)
Stlth   ++........               (no amulet)
HPRegen 0.26/turn                d - ring of wizardry
MPRegen 0.00/turn                (no ring)

@: brilliant, flying
A: sickness immunity, fire resistance 2, cold vulnerability 1, float, innate
caster, HP casting, extra vitality 1
a: Renounce Religion


You were on level 3 of the Dungeon.
You worshipped Xom.
You were a toy of Xom.
You visited 1 branch of the dungeon, and saw 3 of its levels.

You collected 85 gold pieces.

Inventory:

Hand Weapons
 i - a +1 vorpal dagger
Armour
 a - a +0 robe (worn)
Magical Staves
 c - a staff of conjuration (weapon)
Jewellery
 d - a ring of wizardry (left hand)


   Skills:
 + Level 1.0 Fighting
 + Level 0.6 Staves
 + Level 2.5 Dodging
 + Level 1.8 Stealth
 + Level 3.9 Spellcasting


You couldn't memorise any spells.
You knew the following spells:

 Your Spells              Type           Power      Damage    Failure   Level
a - Foxfire               Conj/Fire      100%       2x1d9     1%          1
b - Scorch                Fire           44%        2d7       2%          2
c - Kindle Blastsparks    Fire/Tloc/Air  44%        2d13      4%          3
d - Inner Flame           Hex/Fire       22%        N/A       4%          3
e - Flame Wave            Conj/Fire      33%        2d10      16%         4
f - Slow                  Hex            88%        N/A       1%          1
g - Momentum Strike       Conj/Tloc      66%        3d9       2%          2
Your spell library was empty.

Dungeon Overview and Level Annotations

Branches:
Dungeon (3/15)

Altars:
Dithmenos
Xom
Yredelemnul


Innate Abilities, Weirdness & Mutations

You are immune to sickness and miasma.
You are immune to poison.
Your flesh is very heat resistant. (rF++)
You are vulnerable to cold. (rC-)
You float through the air rather than walking.
You learn spells naturally, not from books.
Your magical power is your life essence.
You have superior vitality. (+4 MHP)


Message History

You feel a strong surge of power!
You conjure some foxfire!
The orc hits you with a +0 hand axe. The orc barely misses your foxfire.
The foxfire hits the orc but does no damage.
The orc is heavily wounded.
The foxfire hits the orc but does no damage.
The orc is heavily wounded.
Casting: Foxfire (safe; 1% risk of failure)
Press: ? - help, Q - select action, (/) - cycle Dir - look around, f - activate You feel a strong surge of power!
You conjure some foxfire!
The orc hits you with a +0 hand axe.
* * * LOW HITPOINT WARNING * * *
The orc hits your foxfire with a +0 hand axe.
Your foxfire dissipates!
The foxfire hits the orc but does no damage.
The orc is heavily wounded.
You see here a ball python skeleton.
The orc barely misses you.
You aren't carrying any scrolls.
The orc attacks as you move away! The orc hits you with a +0 hand axe.
* * * LOW HITPOINT WARNING * * *
The orc attacks as you move away! The orc hits you with a +0 hand axe.
* * * LOW HITPOINT WARNING * * *
The orc attacks as you move away! The orc closely misses you.
The orc attacks as you move away! The orc barely misses you.
The orc hits you with a +0 hand axe.
* * * LOW HITPOINT WARNING * * *
You see here a potion of degeneration.
The orc attacks as you move away! The orc hits you with a +0 hand axe.
* * * LOW HITPOINT WARNING * * *
The orc attacks as you move away! The orc closely misses you.
The orc attacks as you move away! The orc hits you but does no damage.
The orc attacks as you move away! The orc hits you with a +0 hand axe.
* * * LOW HITPOINT WARNING * * *
The orc attacks as you move away! The orc misses you.
The orc attacks as you move away! The orc hits you with a +0 hand axe.
* * * LOW HITPOINT WARNING * * *
The orc attacks as you move away! The orc hits you with a +0 hand axe.
* * * LOW HITPOINT WARNING * * *
The orc attacks as you move away! The orc hits you with a +0 hand axe.
You die...

..≈≈≈≈≈..##.##.###.#)# #.
#########)#.##.....#.# ######. #
#.#.# #...####.###.# #......
###.#.#####.####.###.######÷##.#.
.##....####...##............##...
.....#........##.....<...........
.##....####...##.###.#########...
.##.#.## #..###o# #.# ##.#
.##.#.# #..###@###.# #.# .##.#.#
#..........# #.# ....#.#
#......##### #.# <####.# #.##.###
#.# .# .# #)##.# #.# .# ##.#
#.##.# #.# ## #..# #.##.# #.#
#.######.##.# #.# #.# #....##.#
#<#


You could see an orc.

Vanquished Creatures
  An iguana (D:3)
  Robin (D:3)
  An adder (D:3)
  3 worms
  2 dart slugs (D:2)
  2 orcs (D:3)
  5 endoplasms
  4 giant cockroaches
  8 hobgoblins
  3 jackals (D:2)
  6 ball pythons
  A bat (D:3)
  A frilled lizard (D:1)
  10 goblins
  5 kobolds
  5 rats
58 creatures vanquished.

Vanquished Creatures (others)
  120 foxfires
120 creatures vanquished.

Grand Total: 178 creatures vanquished

Notes
Turn   | Place    | Note
-------+----------+-------------------------------------------
     0 | D:1      | JoshKwa the Djinni Fire Elementalist began the quest for
                  | the Orb.
     0 | D:1      | JoshKwa set off with the following spells memorised:
                  | Foxfire, Scorch, Kindle Blastsparks, Inner Flame, Flame
                  | Wave.
     0 | D:1      | Reached XP level 1. HP: 15/15 MP: 0/0
   137 | D:1      | Reached XP level 2. HP: 20/21 MP: 0/0
   770 | D:2      | Reached skill level 3 in Spellcasting
   789 | D:2      | Reached XP level 3. HP: 24/25 MP: 0/0
   789 | D:2      | Learned a level 1 spell: Slow
  1162 | D:2      | Found a faded altar of an unknown god.
  1184 | D:2      | Prayed at the altar of an unknown god.
  1184 | D:2      | Became a worshipper of Xom of Chaos
  1242 | D:3      | XOM: silly message
  1286 | D:3      | Reached XP level 4. HP: 28/31 MP: 0/0
  1299 | D:3      | Found a basalt altar of Yredelemnul.
  1334 | D:3      | Identified the +8 hand axe of Ashenzari, Threshing
                  | {antimagic, Int+2}
  1394 | D:3      | XOM: silly message
  1590 | D:3      | Noticed Robin
  1611 | D:3      | Killed Robin
  1613 | D:3      | Reached skill level 1 in Fighting
  1677 | D:3      | Found a shadowy altar of Dithmenos.
  1724 | D:3      | XOM: potion effect (heal wounds)
  1725 | D:3      | XOM: cast spell 'Leda's Liquefaction'
  1735 | D:3      | Reached XP level 5. HP: 36/37 MP: 0/0
  1735 | D:3      | Learned a level 2 spell: Momentum Strike
  1816 | D:3      | XOM: smoke on damage
  1941 | D:3      | XOM: smoke on damage
  2059 | D:3      | HP: 1/37 [orc/+0 hand axe (5)]
  2061 | D:3      | Slain by an orc

Illustrated notes

Levels and vault maps discovered:
D:1:      minmay_arrival_shoal_huts, layout_loops_cross
D:2:      layout_loops_ring, chequers_ecumenical_altar_island,
          grunt_decor_mini_mirrors
D:3:      layout_loops_ring, nicolae_overflow_hidden_temple,
          mainiacjoe_overflow_paths, nicolae_overflow_crystal_walls, uniq_robin

Skill      XL: |  1  2  3  4 |
---------------+-------------+-----
Spellcasting   | 3 |  3.9
Fighting       | 1 |  1.0
Staves         | |  0.6
Dodging        | |  2.5
Stealth        | |  1.8

Action                   |  1- 3 |  4- 6 || total
-------------------------+-------+-------++-------
Melee: Dagger            |     2 |       ||     2
       Unarmed           |     1 |       ||     1
       Staff             |    21 |    21 ||    42
       Punch             |     1 |       ||     1
 Cast: Foxfire           |    47 |    42 ||    89
       Scorch            |    12 |     2 ||    14
       Kindle Blastspark |       |     1 ||     1
  Use: Scroll            |     4 |     2 ||     6
       Potion            |     2 |     5 ||     7
Armor: Robe              |    11 |     7 ||    18
Dodge: Dodged            |    37 |    45 ||    82

Table legend: (Time is in decaauts)
 A = Elapsed time spent in this place.
 B = Non-inter-level travel time spent in this place.
 C = Inter-level travel time spent in this place.
 D = Time resting spent in this place.
 E = Time spent auto-exploring this place.
 F = Levels seen in this place.
 G = Mean time per level.
                   A        B        C        D        E       F      G
               +--------+--------+--------+--------+--------+-----+--------+
         Total |   2074 |   2031 |     43 |     78 |      0 |   3 |  691.3 |
       Dungeon |   2074 |   2031 |     43 |     78 |      0 |   3 |  691.3 |
               +--------+--------+--------+--------+--------+-----+--------+

Top non-repeatable levels by time:
     D:3: 843 daAuts
     D:2: 781 daAuts
     D:1: 448 daAuts
